 Dungeon Crawl Stone Soup version 0.30-a0-916-g9813417 (webtiles) character file.

Game seed: 18002988685329950165

123 Dorkslayer the Trooper (level 5, -8/33 HPs)
             Began as a Gargoyle Fighter on Apr 13, 2023.
             Killed by divine providence
             ... invoked by an orc priest
              (13 damage)
             ... on level 3 of the Dungeon.
             The game lasted 00:06:05 (1392 turns).

Dorkslayer the Trooper (Gargoyle Fighter)           Turns: 1392, Time: 00:06:05

Health: -8/33      AC: 15    Str: 19    XL:     5   Next: 7%
Magic:  5/5        EV:  5    Int:  9    God:
Gold:   104        SH:  4    Dex: 11    Spells: 4/4 levels left

rFire   . . .      SeeInvis .    a - +0 war axe
rCold   . . .      Faith    +    c - +0 buckler
rNeg    + . .      Spirit   .    l - +0 plate armour
rPois   ∞          Reflect  .    (no helmet)
rElec   +          Rampage  .    (no cloak)
rCorr   .                        (no gloves)
Will    .....                    (no boots) Stlth
                                 h - amulet of faith
HPRegen 0.25/turn                (no ring)
MPRegen 0.09/turn                (no ring)

@: mighty
A: sickness immunity, AC +4, negative energy resistance 1, electricity
resistance, torment resistance 1, petrification resistance
a: no special abilities


You were on level 3 of the Dungeon.
You visited 1 branch of the dungeon, and saw 3 of its levels.

You collected 104 gold pieces.

Inventory:

Hand Weapons
 a - a +0 war axe (weapon)
Armour
 c - a +0 buckler (worn)
 l - a +0 plate armour (worn)
Jewellery
 h - an amulet of faith (around neck)
Scrolls
 f - a scroll of noise
 i - 2 scrolls of butterflies {unknown}
 k - a scroll of teleportation {unknown}
 m - 2 scrolls of fear {unknown}
Potions
 g - 2 potions of brilliance
 j - a potion of mutation


   Skills:
 + Level 3.9 Fighting
 + Level 2.4 Axes
 + Level 3.8 Armour
 * Level 2.0 Dodging
 + Level 3.8 Shields


You had 4 spell levels left.
You didn't know any spells.
Your spell library contained the following spells:

 Spells                   Type           Power      Damage    Failure   Level
 Passage of Golubria      Tloc           0%         N/A       100%        4
 Silence                  Hex/Air        0%         N/A       100%        5
 Lehudib's Crystal Spear  Conj/Erth      0%         10d2      100%        8


Dungeon Overview and Level Annotations

Branches:
Dungeon (3/15)

Altars:


Innate Abilities, Weirdness & Mutations

You are immune to sickness and miasma.
Your stone body is resilient. (AC +4)
You are immune to poison.
You resist negative energy. (rN+)
You are resistant to electric shocks. (rElec)
You are resistant to unholy torment.
You are immune to petrification.


Message History

Found a scroll labelled OZEM EXTYT.
You feel very mighty all of a sudden.
As you read the scroll labelled FIRIOCAU KUXTO, it crumbles to dust.
The creatures around you are filled with an inner flame!
It was a scroll of immolation.
You slash the ogre!
Flame seeps out of the ogre.
The ogre is severely wounded.
The ogre is engulfed in blazing flames.
The ogre explodes!
The fiery explosion engulfs you!
You hear a shout!
Your Dodging skill increases to level 2!
You have reached level 4!
You feel clever.
You have reached level 5!
There is a stone staircase leading up here. 2 orc priests come into view.
The orc priest shouts! x2
An orc comes into view. It is wielding a +0 club.
The orc shouts!
An orc comes into view. It is wielding a +0 dagger.
The orc priest invokes the aid of Beogh against you.
Beogh smites you!
The orc priest hits you but does no damage.
You slash the orc priest!
The orc priest is almost dead.
The orc priest closely misses you.
A gnoll comes into view. It is wielding a +0 club.
You barely miss the orc priest.
The orc priest is almost dead.
The gnoll shouts!
You hear a shout! x2
The orc priest invokes the aid of Beogh against you.
Pain shoots through your body!
* * * LOW HITPOINT WARNING * * *
You hear an angry hiss.
Okay, then.
The orc priest begins to cast a cantrip, but forgets the words!
The orc priest invokes the aid of Beogh against you.
Beogh smites you!
You die...

#.# #.# #.#
#.# #.# #.#
##.# #.#
..#####?#
#)......#
#.#####.#
#.<.....###.##
#######o@....#
#o###.g... #o#
### .o. ##.#
#.. #.. #.


You could see 2 orc priests, a gnoll and 2 orcs.

Vanquished Creatures
  An ogre (D:3)
  2 adders (D:2)
  A dart slug (D:2)
  4 ball pythons
  4 bats
  3 endoplasms
  2 giant cockroaches (D:2)
  A goblin (D:2)
  A hobgoblin (D:2)
  A quokka (D:1)
  3 rats
23 creatures vanquished.

Notes
Turn   | Place    | Note
-------+----------+-------------------------------------------
     0 | D:1      | Dorkslayer the Gargoyle Fighter began the quest for the
                  | Orb.
     0 | D:1      | Reached XP level 1. HP: 14/14 MP: 1/1
   317 | D:1      | Reached XP level 2. HP: 19/19 MP: 2/2
   408 | D:1      | Found a faded altar of an unknown god.
   756 | D:2      | Reached skill level 1 in Dodging
   757 | D:2      | Reached XP level 3. HP: 19/23 MP: 3/3
  1375 | D:3      | Noticed an ogre
  1380 | D:3      | Killed an ogre
  1381 | D:3      | Reached XP level 4. HP: 15/29 MP: 4/4
  1381 | D:3      | Reached XP level 5. HP: 17/33 MP: 5/5
  1392 | D:3      | Killed from afar by an orc priest

Illustrated notes

Levels and vault maps discovered:
D:1:      amcnicky_arrival_choice, layout_basic,
          hellmonk_ecumenical_altar_crossroads, hex_tiny,
          nicolae_concentric_dashed_squares_wild, serial_park_tiny_2
D:2:      layout_loops_corners
D:3:      layout_loops_cross, uniq_natasha, uniq_jessica

Skill      XL: |  1  2  3 |
---------------+----------+-----
Axes           | 2 |  2.4
Dodging        | 1 2 |  2.0
Fighting       | |  3.9
Armour         | |  3.8
Shields        | |  3.8

Action                     |  1- 3 |  4- 6 || total
---------------------------+-------+-------++-------
  Melee: War axe           |    94 |     2 ||    96
    Use: Scroll            |     4 |       ||     4
         Potion            |     1 |       ||     1
 Armour: Scale mail        |    24 |       ||    24
         Plate armour      |    63 |     1 ||    64
         Chain mail        |     2 |       ||     2
  Dodge: Dodged            |    46 |     1 ||    47
  Block: Buckler           |    20 |       ||    20

Table legend: (Time is in decaauts)
 A = Elapsed time spent in this place.
 B = Non-inter-level travel time spent in this place.
 C = Inter-level travel time spent in this place.
 D = Time resting spent in this place.
 E = Time spent auto-exploring this place.
 F = Levels seen in this place.
 G = Mean time per level.
                   A        B        C        D        E       F      G
               +--------+--------+--------+--------+--------+-----+--------+
         Total |   1433 |   1433 |      0 |      0 |    466 |   3 |  477.7 |
       Dungeon |   1433 |   1433 |      0 |      0 |    466 |   3 |  477.7 |
               +--------+--------+--------+--------+--------+-----+--------+

Top non-repeatable levels by time:
     D:2: 899 daAuts
     D:1: 510 daAuts
     D:3: 24 daAuts
